[Event "*** Titled Tuesday Blitz"]
[Site "Chess.com"]
[Date "2020.12.29"]
[Round "6"]
[White "WonderChampion"]
[Black "davigator"]
[Result "0-1"]
[WhiteElo "2056"]
[BlackElo "2275"]
[TimeControl "180+1"]
[EndTime "11:06:43 PST"]
[Termination "davigator won by checkmate"]

1. d4 Nf6 2. Bg5 e6 3. e4 d5 4.
Nc3 dxe4 5. Nxe4 Be7 6. Bxf6 gxf6 7. Nf3 f5 8. Nc3 Nd7 9. Bd3 c6 10. Qe2 Nf6 11. Bc4 b5 12. Bd3 a5 13. a3 Bd7 14. O-O O-O 15. Ne5 Be8 16. Qe3 Kh8 17.
Rad1 Rg8 18. Qh6 Rg7 19. Rfe1 b4 20. axb4 axb4 21. Ne2 Ra2 22. b3 Nd5 23. Qh3 Bf6 24. Nf3 Qd6 25. Bc4 Nf4 26. Nxf4 Qxf4 27. Re2 Bd7 28. Red2 Rg8 29. Re2 Qd6 30. Red2 Rg4 31. Ne5 Rg7 32. Qh5 Be8 33. Nf3 Qf4 34. Qh3 Ra8 35. Ne1 Bg5 36. Nd3 Qxd2 37. Rxd2 Ra1+ 38. Ne1 Bxd2 39. Bf1 Rxe1 40. Qd3 Bc3 41. Qa6 Rg8 42.
Qc8 Bxd4 43. Qc7 c5 44. Qe7 h6 45. Qh4 Kh7 46. g3 Bb5 47. Qe7 Bxf1 48. Qxf7+ Rg7 49. Qxg7+ Kxg7 50. h4 Be2+ 51. Kh2 Bf3 52. Kh3 Rh1# 0-1

[Event "*** Titled Tuesday Blitz"]
[Site "Chess.com"]
[Date "2020.12.29"]
[Round "6"]
[White "Parhamov"]
[Black "kingofthenil"]
[Result "0-1"]
[WhiteElo "2932"]
[BlackElo "2758"]
[TimeControl "180+1"]
[EndTime "11:06:44 PST"]
[Termination "kingofthenil won by resignation"]

1. d4 Nf6 2. c4 e6 3. g3 d5 4. Bg2 Be7 5. Nf3 O-O 6. O-O c6 7. b3 b6 8. Bb2 Nbd7 9. Qc2 a5 10. Rd1 Ba6 11. Nbd2 Rc8 12. e4 h6 13. Rac1 Bb7 14.
e5 Ne8 15. cxd5 cxd5 16. Qb1 Ba6 17. h4 Nc7 18. Bf1 Bxf1 19. Nxf1 Nb5 20. Ne3 Rxc1 21.
Rxc1 Qb8 22. Qd3 Na7 23. Ng4 Rc8 24. h5 b5 25. Bc3 b4 26. Bd2 Rxc1+ 27. Bxc1 Qb5 28.
Qc2 Qc6 29. Qb2 Nb5 30. Bd2 Bf8 31. Kg2 Na3 32. Ne1 Nb6 33. Be3 Nb5 34. Qb1 Qc3 35.
Nf3 Na3 36. Qf1 Qc6 37. Qa6 Qb5 38. Qa7 Nc8 39. Qc7 Ne7 40. Nh4 Qe2 41. Nf6+ gxf6 42.
exf6 Nf5 43. Nxf5 exf5 44. Qxa5 Nc2 45. Bxh6 Ne1+ 46. Kg1 Nf3+ 47. Kg2 Ne1+ 48. Kg1 Nf3+ 49. Kg2 Bxh6 50. Qd8+ Bf8 51. h6 Ne1+ 52. Kg1 Qh5 53.
h7+ Qxh7 54. Qxd5 Qh5 55. f4 Nf3+ 56. Kf2 Nd2 57. Qg2 Ne4+ 58. Ke3 Nxf6 59. Kd3 Qg4 60. Kc4 Ne4 0-1

[Event "*** Titled Tuesday Blitz"]
[Site "Chess.com"]
[Date "2020.12.29"]
[Round "6"]
[White "dropstoneDP"]
[Black "frederiksvane"]
[Result "1-0"]
[WhiteElo "2949"]
[BlackElo "2743"]
[TimeControl "180+1"]
[EndTime "11:06:45 PST"]
[Termination "dropstoneDP won by resignation"]

1. c4 c5 2. g3 Nc6 3. Bg2 g6 4. Nf3 Bg7 5. O-O d6 6. e3 Bg4 7. Qb3 Qd7 8. Nc3 Nf6 9. d4 cxd4 10. Nxd4 O-O 11. f3 Bh3 12. Nxc6 bxc6 13. e4 Bxg2 14.
Kxg2 Rab8 15. Qc2 Qe6 16. b3 d5 17. Bf4 Rbc8 18. Na4 Nd7 19. Rad1 Rfd8 20. exd5 cxd5 21. Rfe1 Qc6 22. Rxe7 Bf6 23. Re2 dxc4 24. Qxc4 Qxc4 25. bxc4 Rxc4 26. Nb2 Rcc8 27. Red2 Nb6 28. Bh6 Rxd2+ 29. Rxd2 Rd8 30. Rc2 Rc8 31. Re2 Bg7 32. Bxg7 Kxg7 33.
Nd3 Rc3 34. Ne5 Ra3 35. Rd2 Kf6 36. f4 Ke6 37. Kf2 f6 38. Nf3 Ra4 39. Nd4+ Kd5 40.
Nb5+ Kc4 41. Nd6+ Kc3 42. Re2 Rd4 43. Nb5+ Kc4 44. Nxd4 Kxd4 45. Re7 a5 46. Rxh7 a4 47. Rb7 Nd5 48. Ra7 Nc3 49. g4 Kc4 50. h4 Kb4 51. h5 gxh5 52. gxh5 Nxa2 53. h6 Nc3 54. h7 Ne4+ 1-0

[Event "*** Titled Tuesday Blitz"]
[Site "Chess.com"]
[Date "2020.12.29"]
[Round "6"]
[White "AlessiaSanteramo"]
[Black "lamomiablanca"]
[Result "1-0"]
[WhiteElo "2149"]
[BlackElo "2278"]
[TimeControl "180+1"]
[EndTime "11:06:46 PST"]
[Termination "AlessiaSanteramo won on time"]

1. e4 c5 2. Nf3 Nc6 3. Bb5 g6 4. Bxc6 dxc6 5. d3 Bg7 6. h3 Nf6 7. a4 a5 8. Nc3 O-O 9. Be3 b6 10. Qd2 e5 11. Nxe5 Nxe4 12. Nxc6 Nxd2 13. Nxd8 Nb3 14.
cxb3 Rxd8 15. Ke2 Be6 16. Rad1 Bxb3 17. Rd2 Bxc3 18. bxc3 Bxa4 19. Rb1 Rab8 20. Rdb2 Rd6 21. Bxc5 Re8+ 22. Be3 b5 23. Ra1 Red8 24. d4 Rc8 25. Kd3 Rc4 26. Bd2 Rdc6 27. Re1 Rc8 28. Re5 Kg7 29.
f4 Kf8 30. g4 f6 31. Re6 Kf7 32. Re4 b4 33. cxb4 axb4 34. Re1 Bc2+ 35. Ke3 b3 36. Ra1 Re8+ 37. Kf2 Rc7 38. Be3 Rce7 39. Re1 h6 40. f5 gxf5 41. gxf5 h5 42. h4 Re4 43. d5 Rxh4 44.
d6 Rhe4 45. d7 Rd8 46. Bb6 Rxe1 47. Bxd8 Rd1 48. Bxf6 1-0

[Event "*** Titled Tuesday Blitz"]
[Site "Chess.com"]
[Date "2020.12.29"]
[Round "6"]
[White "louis198"]
[Black "kirillshevchenko"]
[Result "1-0"]
[WhiteElo "2613"]
[BlackElo "2863"]
[TimeControl "180+1"]
[EndTime "11:06:47 PST"]
[Termination "louis198 won by checkmate"]

1. d4 Nf6 2. c4 d6 3. Nc3 Bf5 4. f3 e5 5. e4 exd4 6. Qxd4 Be6 7. Nd5 Nbd7 8. Bg5 c6 9. Nxf6+ Nxf6 10. Ne2 Be7 11. Nc3 O-O 12. Be2 h6 13. Be3 a6 14.
O-O b5 15. b3 Nd7 16. Qd2 bxc4 17. Bxc4 Bxc4 18. bxc4 Ne5 19. Qe2 Qa5 20. Bd4 Bf6 21. Rad1 Qb4 22. f4 Nd7 23. Bxf6 Nxf6 24. Qd3 Rfe8 25.
Kh1 Rab8 26. h3 Re6 27. Rb1 a5 28. Rxb4 axb4 29. Rb1 Ree8 30. Na4 Nxe4 31. Kh2 c5 32.
Re1 Nf6 33. Rxe8+ Nxe8 34. Nb2 Rd8 35. a3 bxa3 36. Qxa3 Nf6 37. Nd3 Re8 38. Qa6 Ne4 39. Qc6 Re7 40. f5 Kh7 41. Nf4 Re5 42. Nd5 Rxf5 43.
Ne7 Re5 44. Qe8 Nf6 45. Qxf7 Rg5 46. g4 h5 47. gxh5 Nxh5 48. Qg8+ Kh6 49. Qh8# 1-0

[Event "*** Titled Tuesday Blitz"]
[Site "Chess.com"]
[Date "2020.12.29"]
[Round "6"]
[White "Bigfish1995"]
[Black "Keranke"]
[Result "1/2-1/2"]
[WhiteElo "3011"]
[BlackElo "2843"]
[TimeControl "180+1"]
[EndTime "11:06:49 PST"]
[Termination "Game drawn - insufficient material"]

1. d4 d5 2. c4 c6 3. Nf3 Nf6 4. Qb3 g6 5. Bf4 dxc4 6. Qxc4 Be6 7. Qa4 Bg7 8. Nc3 O-O 9. e3 c5 10. dxc5 Nd5 11. Nxd5 Qxd5 12. Qa3 Nd7 13. Rc1 Rac8 14. b4 Qxa2 15. Qxa2 Bxa2 16. Bb5 Nb8 17. Be5 a6 18.
Bxg7 Kxg7 19. Ba4 Nc6 20. Bxc6 Rxc6 21. Nd4 Rc7 22. f4 e5 23. fxe5 Re8 24. Kf2 Rxe5 25. Rhd1 Bd5 26. Rc3 Be4 27. Nf3 Bxf3 28. gxf3 a5 29.
bxa5 Rcxc5 30. Rxc5 Rxc5 31. Rd7 Rxa5 32. Rxb7 Ra6 33. e4 h5 34. h4 Kf6 35. Kg3 Ke6 36. Kf4 Rc6 37. Kg5 Rc3 38. Kf4 Rc6 39. Rb5 Ra6 40. Kg5 Ra3 41. f4 Rg3+ 42. Kh6 Rg4 43. f5+ Kf6 44. Rb6+ Ke5 45. f6 g5 46.
hxg5 h4 47. Rb5+ Kf4 48. Kg7 Rxg5+ 49. Rxg5 Kxg5 50. Kxf7 h3 51. Kg7 h2 52. f7 h1=Q 53.
f8=Q Qh6+ 54. Kg8 Qxf8+ 55. Kxf8 Kf4 56. Ke7 Ke5 57. Kf7 Kxe4 1/2-1/2

[Event "*** Titled Tuesday Blitz"]
[Site "Chess.com"]
[Date "2020.12.29"]
[Round "6"]
[White "NiranjanNavalgund"]
[Black "TristanCalistri"]
[Result "1-0"]
[WhiteElo "2486"]
[BlackElo "2297"]
[TimeControl "180+1"]
[EndTime "11:06:50 PST"]
[Termination "NiranjanNavalgund won on time"]

1. e4 d6 2. Nc3 Nf6 3. g3 c5 4. Bg2 Nc6 5. d3 Rb8 6. a4 a6 7.
Nge2 b5 8. axb5 axb5 9. h3 e6 10. O-O b4 11. Nb1 Be7 12. Nd2 O-O 13. Nc4 d5 14. Ne3 Bb7 15. exd5 exd5 16. Nf5 Re8 17. Bf4 Ra8 18. Nxe7+ Qxe7 19. Rxa8 Bxa8 20. Nc1 Ne5 21. d4 Ng6 22. Bg5 c4 23. b3 Bb7 24. Qf3 Qe4 25. Bxf6 Qxf3 26. Bxf3 gxf6 27. bxc4 Ra8 28. cxd5 Rd8 29. Nd3 Bxd5 30. Bxd5 Rxd5 31. Nxb4 Rxd4 32. c3 Rc4 33. Rc1 Ne5 34. Kg2 h5 35. f4 Ng6 36.
Nd5 Kg7 37. Ne3 Re4 38. Kf3 Re8 39. c4 Rc8 40. c5 Ne7 41. g4 hxg4+ 42. hxg4 f5 43.
g5 Kf8 44. Rc4 Ke8 45. Nc2 Kd7 46. Nd4 Ra8 47. c6+ Kc7 48. Rc3 Ra6 49. Kg3 Ra4 50. Nf3 Rxf4 51. Kxf4 Nd5+ 52. Kxf5 Nxc3 53. Ne5 Nd5 54.
Ke4 1-0

[Event "*** Titled Tuesday Blitz"]
[Site "Chess.com"]
[Date "2020.12.29"]
[Round "6"]
[White "ErikRonka"]
[Black "Siniauski"]
[Result "0-1"]
[WhiteElo "2372"]
[BlackElo "2585"]
[TimeControl "180+1"]
[EndTime "11:06:50 PST"]
[Termination "Siniauski won by checkmate"]

1. e4 e6 2. d4 d5 3. Nc3 Nf6 4.
e5 Nfd7 5. f4 c5 6. Nf3 Nc6 7.
Be3 a6 8. Qd2 b5 9. dxc5 Bxc5 10. Bd3 Qb6 11. Bf2 Bxf2+ 12. Qxf2 b4 13. Qxb6 Nxb6 14.
Ne2 a5 15. Ned4 Nxd4 16. Nxd4 Ba6 17. b3 Kd7 18. Kd2 Rhc8 19. a3 Bxd3 20. cxd3 bxa3 21. Rxa3 a4 22. Ke3 f6 23. bxa4 Rxa4 24. Rxa4 Nxa4 25.
Ra1 Nc5 26. Nb5 fxe5 27. fxe5 Rb8 28. Nd6 d4+ 29. Kf3 Rb3 30. Ra7+ Kc6 31. Rxg7 Rxd3+ 32. Ke2 Re3+ 33. Kd2 Nb3+ 34. Kd1 Rxe5 35. Nc4 Rc5 36. Nd2 Rc1+ 37. Ke2 Nc5 38. Rxh7 d3+ 39. Ke3 Kd5 40. Rh5+ e5 41. Nf3 Nd7 42. Kxd3 Ra1 43. Ke3 Ra3+ 44. Kf2 Ra2+ 45. Kg3 Ke6 46. Rh6+ Nf6 47. h4 e4 48. Ng5+ Kf5 49. Nf7 Ra3+ 50. Kh2 Ng4+ 51. Kg1 Ra1# 0-1

[Event "*** Titled Tuesday Blitz"]
[Site "Chess.com"]
[Date "2020.12.29"]
[Round "6"]
[White "Fortitudine"]
[Black "MVM2008"]
[Result "0-1"]
[WhiteElo "2334"]
[BlackElo "2206"]
[TimeControl "180+1"]
[EndTime "11:06:50 PST"]
[Termination "MVM2008 won by resignation"]

1. c4 b6 2. Nf3 Bb7 3. g3 f5 4. Bg2 e6 5. b3 Nf6 6. Bb2 d5 7. O-O Bd6 8. Ne5 O-O 9. d4 Nbd7 10. Nd2 c5 11. e3 Ne4 12. Nxd7 Qxd7 13. Nxe4 fxe4 14. f3 exf3 15. Bxf3 Rxf3 16. Rxf3 dxc4 17. bxc4 Bxf3 18. Qxf3 Rf8 19. Qe4 Qf7 20. Qg2 cxd4 21. exd4 e5 22. Rf1 Qxf1+ 23. Qxf1 Rxf1+ 24. Kxf1 exd4 25. Bxd4 Kf7 26. Ke2 g6 27. Kf3 Ke6 28. h3 Kf5 29. g4+ Ke6 30. Ke4 Be7 31. Be5 Bd6 32. Bd4 Bf8 33.
Bc3 Bc5 34. Bd2 Kd6 35. Bf4+ Ke6 36. Bb8 a6 37. Bc7 b5 38. cxb5 axb5 39. Be5 Bb6 40. Bc3 Bc5 41. Bd4 Bb4 42. Be5 Be7 43. Bc3 Ba3 44.
Kd4 Be7 45. Ke4 Bd6 46. Bd4 Be7 47. Be3 Bf8 48. Bg5 Bb4 49. Bf4 Bc5 50. Bc7 Bd6 51. Bb6 Bb4 52. Bd8 Bd6 53. Bg5 Bg3 54. Be3 Bd6 55.
Bd4 Be7 56. Be5 Ba3 57. Kd4 Bb2+ 58. Ke4 Bxe5 59. a4 bxa4 0-1

[Event "*** Titled Tuesday Blitz"]
[Site "Chess.com"]
[Date "2020.12.29"]
[Round "6"]
[White "TheBigBoss04"]
[Black "Oleksandr_Bortnyk"]
[Result "1-0"]
[WhiteElo "2748"]
[BlackElo "2915"]
[TimeControl "180+1"]
[EndTime "11:06:51 PST"]
[Termination "TheBigBoss04 won on time"]

1. d4 Nf6 2. c4 b6 3. Nc3 Bb7 4. f3 e5 5. dxe5 Nh5 6. g3 Bc5 7. Bg2 O-O 8. Nh3 Re8 9. Bg5 f6 10. exf6 Nxf6 11. e4 h6 12. Bd2 d5 13. cxd5 Nxd5 14.
Qb3 Kh8 15. O-O-O Ne3 16. Bxe3 Bxe3+ 17. Kb1 Qe7 18. Nd5 Bxd5 19. Rxd5 c6 20. Rd3 Bc5 21. Nf4 Qf6 22. Rhd1 a5 23. Bh3 a4 24. Qc2 Na6 25. a3 Nc7 26. Rd7 Nb5 27. e5 Rxe5 28. Ng6+ Kg8 29. Nxe5 Qxe5 30. Rd8+ Rxd8 31. Rxd8+ Kf7 32. Qc4+ Kf6 33. Qh4+ Kf7 34. Rd7+ Be7 35. Qc4+ Kf8 36. Qxc6 Qe1+ 37. Ka2 Nxa3 38. Qc8+ Kf7 39. bxa3 Qe2+ 40. Kb1 Qe1+ 41. Qc1 Qe2 42. Qc2 Qb5+ 43. Ka2 Ke8 44. Rd3 Qe5 45. Bd7+ Kf7 46. Qc4+ Kf8 47. Qc8+ Kf7 48.
Qc4+ Kg6 49. Bxa4 Qe2+ 50. Bc2 Qe1 51. Rd1+ Qe4 52. Qxe4+ Kf7 53. Qg6+ Kf8 54. Bb3 1-0

[Event "*** Titled Tuesday Blitz"]
[Site "Chess.com"]
[Date "2020.12.29"]
[Round "6"]
[White "SaraciNderim"]
[Black "lavr92"]
[Result "1/2-1/2"]
[WhiteElo "2831"]
[BlackElo "2621"]
[TimeControl "180+1"]
[EndTime "11:06:51 PST"]
[Termination "Game drawn - insufficient material"]

1. d4 d5 2. Nf3 e6 3. g3 c5 4. Bg2 cxd4 5. O-O Nf6 6. Nxd4 e5 7. Nb3 Be6 8. c4 Nc6 9. cxd5 Nxd5 10. Bd2 Rc8 11.
Nc3 Be7 12. Rc1 Nxc3 13. Bxc3 Qxd1 14. Rfxd1 f6 15. Nd2 Kf7 16. a3 Rhd8 17. h4 Rd7 18. Ne4 Rcd8 19. Rxd7 Rxd7 20. Kf1 Nd4 21. Bxd4 Rxd4 22.
Bf3 b6 23. Ke1 g6 24. Nc3 f5 25. Nb5 Rc4 26. Rxc4 Bxc4 27. Nxa7 e4 28. Bg2 Ke6 29. e3 Bf6 30. Bf1 Bxf1 31. Kxf1 Bxb2 32. Nc8 Bxa3 33. Nxb6 Bc5 34. Na4 Bb4 35. Ke2 Kd5 36. Nb6+ Ke6 37.
Nc4 h6 38. Nb2 g5 39. hxg5 hxg5 40. Nc4 Bc5 41. Na5 Bb4 42. Nb3 Bc3 43. Nc5+ Kd5 44.
Nb3 Ke6 45. Kd1 f4 46. gxf4 gxf4 47. Ke2 f3+ 48. Kf1 Kd5 49. Nc1 Kc4 50. Ne2 fxe2+ 51.
Kxe2 Kd5 52. f3 exf3+ 53. Kxf3 Ke5 54. e4 Bd4 55. Ke2 Kxe4 1/2-1/2

[Event "*** Titled Tuesday Blitz"]
[Site "Chess.com"]
[Date "2020.12.29"]
[Round "6"]
[White "ElGasanov"]
[Black "NMShanMeruga"]
[Result "1-0"]
[WhiteElo "2762"]
[BlackElo "2436"]
[TimeControl "180+1"]
[EndTime "11:06:51 PST"]
[Termination "ElGasanov won by resignation"]

1. d4 Nf6 2. Nf3 e6 3. c4 Bb4+ 4. Nc3 d5 5. Qa4+ Nc6 6. e3 O-O 7. Bd2 a5 8. Rd1 Ne7 9. Qc2 b6 10.
cxd5 exd5 11. a3 Bd6 12. Nb5 Bf5 13. Bd3 Bxd3 14. Qxd3 c5 15. dxc5 bxc5 16. Bc3 Ne4 17.
Nxd6 Qxd6 18. Qxe4 Qc7 19. Qg4 f6 20. O-O Qc6 21. Rd2 a4 22. Rfd1 Ra6 23. h4 Qe6 24. Qxe6+ Rxe6 25. Ne1 Rd8 26. Nd3 Rc6 27. Nf4 Rcd6 28.
h5 Kf7 29. f3 g6 30. hxg6+ hxg6 31. Kf2 g5 32. Ne2 Rh8 33. Ng3 Kg6 34. Ne4 Rc6 35. Ng3 Re6 36. Rc2 Rc6 37. Be1 Rb8 38. Rdc1 Rcb6 39.
Rxc5 Rxb2+ 40. R1c2 Rxc2+ 41. Rxc2 Rb6 42. Bb4 Nc6 43. Bc5 Rb3 44. Rd2 Ne5 45. Rxd5 Nd3+ 46. Kg1 Nxc5 47. Rxc5 Rxa3 48. Nf5 Rb3 49. e4 Kf7 50.
Rc7+ Ke8 51. Ra7 a3 52. Nd6+ Kd8 53. Nc4 g4 54. Rxa3 Rb4 55. Ne3 gxf3 56. gxf3 1-0

[Event "*** Titled Tuesday Blitz"]
[Site "Chess.com"]
[Date "2020.12.29"]
[Round "6"]
[White "Forantes"]
[Black "MaevskiyNikolay"]
[Result "0-1"]
[WhiteElo "2386"]
[BlackElo "2596"]
[TimeControl "180+1"]
[EndTime "11:06:51 PST"]
[Termination "MaevskiyNikolay won on time"]

1. Nf3 Nf6 2. g3 c6 3. Bg2 d5 4. O-O Bg4 5. d4 e6 6. c4 Nbd7 7. Qb3 Qb6 8. c5 Qxb3 9. axb3 a6 10. Nc3 Be7 11. b4 Rc8 12. Bf4 O-O 13. Rfe1 Rfe8 14. Ne5 Nxe5 15. dxe5 Nd7 16. h4 f5 17. exf6 Bxf6 18. Bd6 Ne5 19. Bxe5 Bxe5 20. e3 Bf6 21. Rac1 Rcd8 22. f3 Bh5 23. g4 Bf7 24. g5 Be5 25. f4 Bc7 26. Ne2 Bh5 27. Kf2 e5 28. f5 e4 29. Nd4 Be5 30. Bh3 Bxd4 31. exd4 Bf3 32. Ke3 Rf8 33. Kf4 Rde8 34. Rc2 Kf7 35. Rf2 Re7 36. Re3 Rfe8 37. Bg4 Bxg4 38. Kxg4 Rd7 39. f6 g6 40. h5 gxh5+ 41. Kxh5 Rg8 42. Rf5 Rg6 43. Re1 Rc7 44. Re5 Rd7 45. Ra1 Rc7 46.
b5 cxb5 47. Rxd5 e3 48. Re1 h6 49. gxh6 Rxf6 50. h7 Kg7 0-1

[Event "*** Titled Tuesday Blitz"]
[Site "Chess.com"]
[Date "2020.12.29"]
[Round "6"]
[White "GigaQuparadze"]
[Black "Bulldog167"]
[Result "0-1"]
[WhiteElo "2876"]
[BlackElo "2703"]
[TimeControl "180+1"]
[EndTime "11:06:52 PST"]
[Termination "Bulldog167 won by resignation"]

1. e4 e6 2. d4 d5 3. Nd2 c5 4.
Ngf3 cxd4 5. Nxd4 Nf6 6. e5 Nfd7 7. N2f3 Nc6 8. Nxc6 bxc6 9. Bd3 Be7 10. O-O Qb6 11.
c3 Ba6 12. Bxa6 Qxa6 13. Re1 h6 14. Nd4 c5 15. Nc2 Rb8 16. Qg4 g6 17. Ne3 h5 18.
Qh3 Qd3 19. f4 c4 20. Qf3 Nc5 21. Kh1 Qe4 22. Qxe4 Nxe4 23. Re2 Nc5 24. Nd1 Kd7 25. Be3 Kc6 26. h3 h4 27. b4 Ne4 28. Kg1 a5 29. a3 Ra8 30. Rea2 Rhb8 31. Bd4 g5 32. fxg5 Bxg5 33.
Nf2 Nxf2 34. Kxf2 Rg8 35. Kf3 Bd8 36. b5+ Kxb5 37. Rb1+ Kc6 38. Rab2 Rg3+ 39. Kf2 Bc7 40. Kf1 Rag8 41. Rf2 R8g7 42. Rbb2 R3g5 43. Rbe2 Bb6 44. Rb2 Bxd4 45. cxd4 Rg3 46. Rb8 Rxa3 47. Rfb2 Rb3 48.
R2xb3 cxb3 49. Rxb3 Rg3 50. Rb8 a4 51. Rb4 a3 52.
Kf2 Rd3 53. Ke2 Rg3 54. Kf2 Rc3 55. Ke2 a2 56. Ra4 Rc2+ 57. Kf3 Kb5 58. Ra7 Kb4 59. g3 Rc3+ 60. Kg4 Rxg3+ 61. Kxh4 Ra3 62. Rb7+ Kc3 63.
Rxf7 a1=Q 64. Rf3+ Kxd4 0-1

[Event "*** Titled Tuesday Blitz"]
[Site "Chess.com"]
[Date "2020.12.29"]
[Round "6"]
[White "Marianov_Podstavnikov"]
[Black "ZatonskihAnna"]
[Result "0-1"]
[WhiteElo "2272"]
[BlackElo "2489"]
[TimeControl "180+1"]
[EndTime "11:06:52 PST"]
[Termination "ZatonskihAnna won by resignation"]

1. e4 d5 2. exd5 Qxd5 3. Nf3 Nf6 4. d4 c6 5. c4 Qd8 6. Nc3 Bg4 7. Be2 e6 8. O-O Be7 9. h3 Bh5 10. Be3 O-O 11. a3 Nbd7 12. Rc1 Re8 13. b4 a5 14. b5 Bxa3 15. Rc2 Bb4 16. bxc6 bxc6 17. Na4 Qc7 18. Qc1 c5 19. Bf4 Qc6 20. Nxc5 Nxc5 21. dxc5 Bxc5 22. Ne5 Qa6 23. Nd3 Bxe2 24. Rxe2 Be7 25.
c5 Qxd3 26. Rd2 Qe4 27. Bg3 Rec8 28. Rc2 Qc6 29. Rd1 a4 30. Bd6 Bxd6 31. Rxd6 Qc7 32.
Rd3 Nd5 33. c6 Nb4 34. Rd7 Qe5 35. Rc5 Qf6 36. c7 a3 37. Qd1 a2 38. Ra5 a1=Q 39.
Rxa1 Rxa1 40. Rd8+ Rxd8 41. cxd8=Q+ Qxd8 42. Qxa1 Qf8 43. Qc3 Nd5 44. Qd4 h6 45. h4 g6 46. g3 h5 47. Qb2 Qg7 48. Qb8+ Kh7 49. Qb1 Qf6 50. Qd3 Kg7 51. Qb3 Ne7 52. Qc2 Nf5 53.
Qd3 Nd4 54. Qa3 Nf3+ 55. Kg2 Ne5 56. Qc1 Qf3+ 57. Kg1 Ng4 58. Qb2+ e5 59. Qd2 Qxf2+ 60. Qxf2 Nxf2 61. Kxf2 Kf6 62. Ke3 Kf5 63. Kf3 f6 64. Ke3 Kg4 65. Kf2 f5 66. Kg2 f4 67. gxf4 exf4 68. Kh2 Kxh4 0-1

[Event "*** Titled Tuesday Blitz"]
[Site "Chess.com"]
[Date "2020.12.29"]
[Round "6"]
[White "zajka-molotok"]
[Black "maheswaran26"]
[Result "1-0"]
[WhiteElo "2482"]
[BlackElo "2234"]
[TimeControl "180+1"]
[EndTime "11:06:52 PST"]
[Termination "zajka-molotok won on time"]

1. e4 c5 2. Nf3 e6 3. d4 cxd4 4. Nxd4 a6 5. Nc3 Qc7 6. Bd3 Nf6 7. f4 b5 8. e5 b4 9. Na4 Nd5 10. Be4 Bb7 11. O-O g5 12. Qf3 gxf4 13. Bxf4 Rg8 14. Bg3 Rg7 15. Rac1 Nc6 16. Nb3 Nxe5 17. Bxe5 Qxe5 18.
Nb6 f5 19. Bxd5 Bxd5 20. Nxd5 Qxd5 21. Qxd5 exd5 22. Rxf5 Rc8 23. Rxd5 Re7 24. Nd4 Bh6 25. Rd1 Be3+ 26. Kf1 Bxd4 27. R5xd4 Rxc2 28. Rxb4 Rf7+ 29. Kg1 Rff2 30. Re1+ Kd8 31. Rg4 Rxb2 32. a4 a5 33. h4 h5 34. Rg5 Rfd2 35. Re4 Ra2 36. Rf4 Rdb2 37. Kh2 Rb4 38. Rxb4 axb4 39. a5 b3 40. Rxh5 Kc7 41. Rb5 b2 42. a6 Kc6 43. Rb3 d5 44. a7 1-0

[Event "*** Titled Tuesday Blitz"]
[Site "Chess.com"]
[Date "2020.12.29"]
[Round "6"]
[White "Xeslu"]
[Black "PhoenixFire8"]
[Result "0-1"]
[WhiteElo "2302"]
[BlackElo "2450"]
[TimeControl "180+1"]
[EndTime "11:06:53 PST"]
[Termination "PhoenixFire8 won on time"]

1. e4 g6 2. d4 c6 3. Nf3 d5 4. Nc3 Bg7 5. h3 dxe4 6. Nxe4 Nf6 7. Bd3 Nxe4 8. Bxe4 O-O 9. O-O Nd7 10. Qe2 Re8 11.
Rd1 Qc7 12. Bd3 e5 13. c3 a5 14. a4 Kf8 15. Ng5 h6 16. Ne4 exd4 17. Qc2 dxc3 18.
bxc3 Kg8 19. Ba3 Ne5 20. Nd6 Rd8 21. Be2 Be6 22. Qe4 Bd5 23. Qh4 g5 24. Qh5 Rxd6 25. c4 Rd7 26. cxd5 Rxd5 27. Bb2 Rxd1+ 28. Rxd1 Rd8 29.
Re1 Ng6 30. Bxg7 Kxg7 31. Bc4 Nf4 32. Qf3 Rd7 33. g3 Ng6 34. Kg2 Ne5 35. Qc3 f6 36. Be6 Re7 37. Bf5 Qd6 38. Qe3 Qd5+ 39. Be4 Qd6 40. Bf5 Qd5+ 41. Be4 Nc4 42. Bxd5 Nxe3+ 43. fxe3 cxd5 44. Kf3 Re4 45. Rb1 Rb4 46. Rd1 Rxa4 47.
Rxd5 b6 48. Rd7+ Kg6 49. Rd6 Rb4 50. h4 gxh4 51. gxh4 h5 52. e4 a4 53. e5 a3 54.
Rxf6+ Kg7 55. Kg3 a2 56. Rf1 Rb1 0-1

[Event "*** Titled Tuesday Blitz"]
[Site "Chess.com"]
[Date "2020.12.29"]
[Round "6"]
[White "Michaelson_11"]
[Black "kai_nov"]
[Result "0-1"]
[WhiteElo "2197"]
[BlackElo "2376"]
[TimeControl "180+1"]
[EndTime "11:06:53 PST"]
[Termination "kai_nov won by checkmate"]

1. e4 c5 2. Nf3 Nc6 3. d4 cxd4 4. Nxd4 Nf6 5. Nc3 e5 6. Ndb5 d6 7. Bg5 a6 8. Na3 b5 9. Nd5 Be7 10. Bxf6 Bxf6 11. c3 O-O 12. Nc2 Bg5 13. a4 bxa4 14.
Rxa4 a5 15. Nce3 Be6 16. Bd3 Bxe3 17. Nxe3 Rb8 18. Qd2 Qb6 19. Nd5 Qxb2 20. Qxb2 Rxb2 21. O-O Rfb8 22. g3 Rd2 23. Bc4 Bh3 24. Rfa1 Rbb2 25. R4a2 Rxf2 26. Rxb2 Rxb2 27. Ne3 Kf8 28. Bd5 Re2 29.
Nc4 Ne7 30. Nxa5 Nxd5 31. exd5 Rg2+ 32. Kh1 Rc2 33. c4 f5 34. Rb1 e4 35. Rb8+ Kf7 36.
Rb1 e3 37. Nb7 Ke7 38. Re1 Kd7 39. Kg1 Rg2+ 40. Kh1 Rb2 41. c5 dxc5 42. Nxc5+ Kd6 43. Nd3 Rd2 44. Nf4 Bg4 45. Rxe3 g5 46. Re6+ Kc5 47. Rc6+ Kd4 48. Ne6+ Ke3 49. h3 Bf3+ 50. Kg1 Rd1+ 51. Kh2 Rh1# 0-1

[Event "*** Titled Tuesday Blitz"]
[Site "Chess.com"]
[Date "2020.12.29"]
[Round "6"]
[White "FMOlexandrProhorov"]
[Black "DinaBelenkaya"]
[Result "0-1"]
[WhiteElo "2148"]
[BlackElo "2391"]
[TimeControl "180+1"]
[EndTime "11:06:53 PST"]
[Termination "DinaBelenkaya won by resignation"]

1. Nf3 d5 2. d4 Nf6 3. c4 dxc4 4. Nc3 a6 5. a4 Nc6 6. e4 Na5 7. Bg5 Bg4 8. Be2 Bxf3 9. Bxf3 Nb3 10. Be3 Nxa1 11.
Qxa1 e5 12. dxe5 Nd7 13. e6 fxe6 14. O-O Bc5 15. Bxc5 Nxc5 16. Qa3 Qe7 17. Qb4 O-O 18. Qxc4 Rad8 19. Be2 Rd2 20. b4 Nxa4 21. Nxa4 b5 22. Qc3 Rxe2 23. Nc5 Qf6 24. Qg3 Rf7 25. f3 Qd4+ 26. Kh1 Qxb4 27. Nxe6 Qc4 28. Ng5 Rc2 29.
Qe1 Rd7 30. e5 Rdd2 31. Rg1 Re2 32. Qg3 Rc1 33. h4 Rxg1+ 34. Kxg1 Qd4+ 35. Kh2 Qxe5 36. f4 Qe7 37. Qb3+ Kf8 38. Nxh7+ Ke8 39. Qg8+ Kd7 40. Qd5+ Qd6 41. Qf7+ Kc6 42. Ng5 Qd5 43. Qg6+ Kb7 44. Nf7 b4 45. Qxg7 b3 46. h5 Qxg2+ 47. Qxg2+ Rxg2+ 48. Kxg2 b2 49. h6 b1=Q 50. Ng5 Qg6 51. h7 Qg7 52. Kf3 a5 53. Kg4 a4 54. f5 a3 55. Kh5 a2 56. Ne6 Qxh7+ 0-1

[Event "*** Titled Tuesday Blitz"]
[Site "Chess.com"]
[Date "2020.12.29"]
[Round "6"]
[White "Keures"]
[Black "MasterKroket"]
[Result "0-1"]
[WhiteElo "2329"]
[BlackElo "2468"]
[TimeControl "180+1"]
[EndTime "11:06:55 PST"]
[Termination "MasterKroket won by resignation"]

1. d4 Nf6 2. c4 e6 3. Nc3 Bb4 4. e3 O-O 5. Bd3 c5 6. Ne2 d5 7. dxc5 dxc4 8. Bxc4 Qxd1+ 9. Kxd1 Bxc5 10. h3 a6 11. a3 b5 12. Bd3 Rd8 13. Kc2 Nc6 14.
Ne4 Be7 15. Bd2 Bb7 16. Nxf6+ Bxf6 17. Bc3 Bxc3 18. Nxc3 Ne5 19. Be4 Bxe4+ 20. Nxe4 Rac8+ 21. Nc3 a5 22. Rad1 Rxd1 23. Kxd1 b4 24. axb4 axb4 25. Na4 Nd3 26. Ke2 Nxb2 27. Nxb2 Rc2+ 28. Kd3 Rxb2 29.
Rc1 g5 30. Rc2 Rb1 31. Ke4 Kg7 32. Rc5 h6 33. Rb5 Rb2 34. Kf3 f5 35. g4 Kf6 36.
Kg3 b3 37. Kf3 fxg4+ 38. hxg4 Rb1 39. Ke4 b2 40. f3 Ke7 41. Rb6 Kd7 42. Rb3 Kd6 43.
Rb6+ Kc5 44. Rb8 Kc4 45. Rc8+ Kb3 46. Rb8+ Kc2 47. Rc8+ Kd2 48. Rb8 Ke2 49. Rb6 Kf2 50. Rb5 Kg3 51. Rb6 Rf1 52. Rxb2 Rxf3 53. Rb6 Rf6 54. Ke5 Rg6 55. Rb4 Kh4 56. Re4 h5 57. gxh5+ Kxh5 58. Kd6 g4 59. Rf4 g3 60. Rf1 g2 61.
Rg1 Kh4 62. e4 Kh3 63. e5 Kh2 64. Rxg2+ Kxg2 65. Ke7 Kf3 66. Kf7 Rh6 67. Kg7 Rh5 68. Kf6 Ke4 69. Kxe6 Rxe5+ 0-1

[Event "*** Titled Tuesday Blitz"]
[Site "Chess.com"]
[Date "2020.12.29"]
[Round "6"]
[White "JoliyRoger"]
[Black "cukin84"]
[Result "0-1"]
[WhiteElo "2405"]
[BlackElo "2197"]
[TimeControl "180+1"]
[EndTime "11:06:55 PST"]
[Termination "cukin84 won on time"]

1. d4 f5 2. c4 Nf6 3. g3 g6 4.
Bg2 Bg7 5. b3 O-O 6. Bb2 d6 7. Nf3 Nc6 8. d5 Nb4 9. O-O a5 10. Nbd2 Qe8 11. a3 Na6 12. Qc2 Nc5 13. e3 h6 14. Nh4 c6 15. Rae1 cxd5 16. cxd5 Bd7 17. Nc4 Bb5 18. a4 Ba6 19. Bd4 Rc8 20. Nb6 Bxf1 21. Bxf1 Rc7 22. Qb2 e5 23. dxe6 Nxe6 24.
Bc3 Rc6 25. Nc4 Qe7 26. Nxa5 Rxc3 27. Qxc3 Kh7 28. Qb4 Nd5 29. Qb5 Nc3 30. Qd3 Nc5 31. Qc2 g5 32. Nf3 N5e4 33. Nc4 Rc8 34. Qd3 d5 35. Ncd2 Nxd2 36. Nxd2 Kg6 37. Bg2 Qe6 38. Nf3 Ne4 39. Nd4 Qe5 40. Bxe4 dxe4 41. Qd2 h5 42. Rc1 Rd8 43. Qb4 Qd6 44. Qxd6+ Rxd6 45. Nb5 Rd2 46. h4 gxh4 47. gxh4 Bf6 48. Kg2 Bxh4 49. Rf1 Kf6 50. Nd4 Ke5 51. Nb5 Bg5 52.
a5 Rb2 53. Kg3 Rxb3 54. Nd4 Rb2 0-1